Map: Ley Lines

Players

ShoWTimE - Winner!

  • Race: Protoss Protoss
  • League: Grandmaster
  • Spawn Location: 1:00

LunaSea

  • Race: Protoss Protoss
  • Spawn Location: 7:00

Event: HomeStory Cup XXVII

VOD

Have the link to the VOD?

Description

Time

  • Played on: June 27, 2025, 10:38 a.m.
  • Length: 13:53

All games in this series

Show
View Real Time Build Order
Export as new Build Order

ShoWTimE Protoss - Winner!

Build Orders: 1 Gate Expand, Phoenix Opening, Blink Stalkers 

Get SALT Encoding   

  12  0:00  Probe  
  13  0:12  Probe  
  14  0:17  Pylon  
  14  0:23  Probe  
  15  0:31  Probe  
  16  0:36  Gateway  
  16  0:39  Probe  
  16  0:45  Assimilator  
  17  0:50  Probe  
  18  1:03  Probe  
  19  1:15  Probe  
  20  1:22  Nexus  
  20  1:31  Cybernetics Core  
  20  1:34  Probe  
  21  1:41  Assimilator  
  21  1:47  Probe  
  22  1:52  Pylon  
  22  1:59  Probe  
  22  2:01  Phoenix  
  23  2:02  Warp Gate, Sentry  
  23  2:11  Probe  
  26  2:19  Stalker  
  26  2:23  Probe  
  29  2:30  Shield Battery  
  29  2:34  Probe  
  29  2:35  Probe  
  31  2:43  Phoenix  
  31  2:46  Probe  
  31  2:47  Probe, Stalker  
  35  2:58  Probe  
  35  2:59  Gateway, Probe  
  37  3:10  Probe  
  37  3:11  Pylon, Probe  
  39  3:16  Shield Battery, Sentry  
  41  3:23  Probe x2  
  43  3:29  Twilight Council  
  43  3:30  Shield Battery  
  43  3:35  Probe x2  
  45  3:45  Blink  
  45  3:47  Probe  
  45  3:48  Probe, Robotics Facility  
  47  3:49  Pylon  
  47  3:50  Stalker  
  47  3:53  Stalker  
  51  3:59  Pylon, Probe  
  51  4:01  Shield Battery  
  51  4:02  Probe  
  53  4:11  Probe  
  53  4:15  Phoenix  
  53  4:17  Probe  
  55  4:18  Pylon, Adept  
  55  4:22  Adept  
  59  4:25  Probe  
  59  4:28  Assimilator  
  59  4:30  Probe  
  61  4:32  Pylon  
  61  4:37  Probe  
  62  4:40  Pylon  
  62  4:42  Stalker x2  
  66  4:50  Probe  
  67  4:53  Gateway  
  67  4:54  Gateway  
  67  4:56  Shield Battery  
  67  5:00  Warp Prism  
  69  5:09  Stalker  
  69  5:10  Phoenix  
  69  5:13  Pylon  
  71  5:23  Nexus  
  71  5:30  Observer, Probe x2  
  71  5:33  Pylon  
  72  5:42  Probe  
  73  5:44  Stalker  
  73  5:48  Observer  
  71  5:51  Probe  
  71  5:54  Probe  
  73  6:03  Probe  
  74  6:06  Probe  
  74  6:10  Stalker x2  
  79  6:16  Probe  
  81  6:18  Gateway, Probe  
  81  6:26  Stalker x2  
  81  6:28  Probe  
  81  6:30  Shield Battery, Probe  
  87  6:33  Shield Battery  
  87  6:35  Phoenix  
  87  6:39  Shield Battery  
  87  6:41  Stalker  
  87  6:42  Stalker  
  91  6:50  Stalker x2  
  95  6:57  Gateway  
  95  7:01  Pylon  
  95  7:03  Probe x2  
  95  7:04  Probe  
  98  7:09  Stalker x2  
  98  7:13  Stalker x2  
  106  7:21  Stalker  
  106  7:22  Shield Battery  
  105  7:32  Stalker x2  
  107  7:39  Stalker x2  
  107  7:41  Shield Battery  
  99  7:46  Stalker  
  93  7:54  Stalker  
  78  8:07  Stalker  
  78  8:08  Zealot x3  
  73  8:15  Stalker  
  73  8:16  Probe x2  
  73  8:18  Probe  
  68  8:24  Stalker  
  70  8:31  Stalker  
  72  8:36  Probe x2  
  72  8:37  Probe  
  75  8:41  Stalker  
  75  8:46  Zealot x3  
  79  8:57  Stalker  
  79  8:58  Stalker  
  70  9:13  Probe, Stalker  
  70  9:14  Zealot x3  
  70  9:15  Probe  
  70  9:16  Probe  
  79  9:21  Probe  
  79  9:23  Probe  
  77  9:24  Probe  
  77  9:29  Probe  
  80  9:32  Probe  
  80  9:34  Probe  
  83  9:41  Probe  
  83  9:44  Probe  
  85  9:46  Probe  
  86  9:53  Probe  
  86  9:56  Probe  
  86  9:58  Probe, Stalker x3  
  95  10:05  Probe  
  90  10:08  Probe, Stalker x3  
  81  10:23  Pylon  
  81  10:25  Stalker x3  
  84  10:34  Stalker x2  
  84  10:35  Zealot  
  77  10:40  Probe  
  77  10:42  Probe  
  74  10:43  Probe  
  73  10:52  Probe  
  73  10:54  Probe  
  69  10:59  Stalker x3  
  69  11:02  Probe x2  
  69  11:04  Probe  
  76  11:07  Stalker  
  76  11:10  Probe x2  
  80  11:12  Probe  
  83  11:18  Probe  
  83  11:25  Probe, Stalker  
  84  11:26  Stalker  
  84  11:27  Probe  
  84  11:30  Probe, Zealot x2  
  95  11:34  Assimilator  
  95  11:36  Stalker  
  97  11:40  Zealot  
  97  11:48  Gateway  
  88  12:02  Stalker x2  
  88  12:05  Stalker x2  
  88  12:06  Zealot x2  
  97  12:09  Probe x2  
  97  12:14  Observer  
  97  12:15  Probe  
  100  12:21  Probe x2  
  102  12:27  Probe  
  103  12:32  Stalker x3  
  103  12:33  Probe  
  103  12:35  Pylon  
  110  12:39  Stalker x2  
  112  12:50  Stalker  
  114  12:56  Pylon  
  114  12:57  Pylon, Probe  
  114  12:58  Probe  
  116  13:12  Stalker x4  
  122  13:18  Shield Battery  
  122  13:19  Stalker  
  124  13:20  Shield Battery  
  124  13:23  Pylon  
  122  13:35  Stalker x3  
  126  13:43  Stalker, Zealot x2  
  126  13:44  Zealot  
Show
View Real Time Build Order
Export as new Build Order

LunaSea Protoss 

Build Orders:  

Get SALT Encoding   

  12  0:00  Probe  
  13  0:12  Probe  
  14  0:17  Pylon  
  14  0:24  Probe  
  15  0:32  Probe  
  15  0:36  Gateway  
  15  0:40  Probe  
  16  0:46  Assimilator  
  17  0:51  Probe  
  17  0:54  Assimilator  
  18  1:00  Probe  
  19  1:08  Probe  
  19  1:09  Gateway  
  19  1:17  Probe  
  20  1:23  Cybernetics Core  
  21  1:29  Probe  
  22  1:36  Pylon  
  22  1:41  Probe  
  23  1:54  Probe  
  23  2:00  Adept x2  
  23  2:01  Warp Gate  
  28  2:22  Pylon  
  28  2:31  Nexus  
  28  2:42  Adept  
  28  2:43  Adept  
  32  2:46  Probe  
  33  2:58  Probe  
  34  2:59  Pylon  
  34  3:12  Adept  
  36  3:13  Adept  
  38  3:23  Twilight Council  
  38  3:28  Robotics Facility  
  38  3:30  Probe  
  39  3:42  Probe  
  39  3:43  Probe  
  41  3:51  Probe x2  
  43  3:59  Probe x2  
  43  4:02  Dark Shrine  
  43  4:09  Probe x2  
  45  4:10  Sentry  
  45  4:15  Immortal  
  49  4:20  Pylon  
  49  4:21  Probe  
  49  4:23  Resonating Glaives  
  51  4:30  Probe  
  55  4:33  Probe  
  56  4:45  Probe  
  58  4:47  Immortal  
  58  4:51  Gateway  
  58  4:52  Gateway  
  57  4:56  Pylon  
  61  5:07  Gateway  
  59  5:15  Dark Templar  
  59  5:17  Dark Templar  
  61  5:23  Gateway  
  61  5:25  Gateway  
  61  5:29  Warp Prism  
  63  5:46  Adept x2  
  63  5:47  Adept  
  67  5:57  Immortal  
  67  6:02  Adept x2  
  75  6:11  Adept  
  75  6:14  Pylon  
  75  6:16  Pylon x2  
  77  6:31  Adept  
  77  6:32  Adept x4  
  85  6:34  Adept  
  87  7:00  Adept x6  
  99  7:09  Adept  
  99  7:13  Pylon x2  
  99  7:28  Adept x4  
  99  7:30  Zealot x2  
  99  7:31  Zealot  
  99  7:33  Assimilator  
  83  7:52  Adept x6  
  77  8:07  Adept  
  77  8:12  Adept x4  
  65  8:24  Adept x2  
  65  8:26  Immortal  
  71  8:50  Adept x5  
  81  8:57  Immortal  
  63  9:29  Adept x5  
  69  9:36  Warp Prism  
  71  9:40  Adept x2  
  73  9:56  Adept x5  
  81  10:02  Adept  
  81  10:03  Adept  
  85  10:12  Immortal  
  83  10:22  Adept x5  
  93  10:34  Adept x2  
  83  10:35  Probe  
  62  10:51  Immortal  
  62  11:02  Adept x5  
  64  11:05  Adept  
  64  11:11  Adept  
  66  11:19  Adept x2  
  66  11:22  Adept  
  70  11:26  Adept  
  70  11:31  Adept  
  74  11:36  Dark Templar  
  76  11:40  Adept x2  
  68  11:55  Adept  
  68  11:56  Adept x2  
  74  12:15  Adept x2  
  76  12:24  Robotics Facility  
  68  12:33  Adept x5  
  73  12:53  Sentry x2, Adept x2  
  73  12:54  Adept  
  83  12:59  Adept  
  79  13:13  Sentry  
  79  13:14  Adept x2  
  79  13:17  Sentry  
  71  13:45  Adept x6  
Tags
 
Add a new tag
Caveats
  • Supply blocks, unpowered buildings, or Contaminate may cause inaccurate times.
  • Supply counts are checked every 10 seconds.